 Dungeon Crawl Stone Soup version 0.28.0-47-ge53b351184 (webtiles) character file.

Game seed: 11372981996949091463

250854 Peloso the Hoplite (level 19, -2/184 HPs)
             Began as a Minotaur Fighter on May 8, 2022.
             Was the Champion of Okawaru.
             Slain by a wolf spider (3 damage)
             ... while paralysed by a jorogumo
             ... on level 3 of the Spider Nest.
             The game lasted 02:37:08 (39171 turns).

Peloso the Hoplite (Minotaur Fighter)              Turns: 39171, Time: 02:37:08

Health: -2/184     AC: 11    Str: 31    XL:     19   Next: 31%
Magic:  23/23      EV:  2    Int:  3    God:    Okawaru [******]
Gold:   991        SH:  0    Dex: 22    Spells: 18/18 levels left

rFire   + . .      SeeInvis +   a - +9 scimitar "Hell-Harrower" {vorpal, Dex+5}
rCold   + + +      Faith    .   q - +2 kite shield {rC+}
rNeg    + . .      Spirit   .   Q - +4 plate armour of Birdsong {rF+ Str+2}
rPois   +          Reflect  .   B - +2 hat
rElec   +          Harm     .   k - +0 cloak of Joy {Rampage Regen+}
rCorr   .          Rampage  +   w - +1 pair of gloves
Will    +++++      Clarity  +   S - +0 pair of boots "Zimotuv" {rC++ Slay+3 Stlth+}
Stlth   +.........              F - amulet of the Four Winds {rN+ Will+++ Clar}
HPRegen 1.20/turn               m - ring of the Six Xalams {rElec Will+ Str+2 Int-2 SInv}
MPRegen 0.18/turn               E - ring of Goucac {rElec rPois Str+3}

@: paralysed, lethally poisoned (-2 -> -39), corroded, studying Necromancy
A: horns 2, retaliatory headbutt, thin skeletal structure 1, high MP 1,
strong-willed 1
}: 1/15 runes: barnacled
a: Renounce Religion, Heroism, Finesse, Duel


You were on level 3 of the Spider Nest.
You worshipped Okawaru.
Okawaru was exalted by your worship.
You visited 7 branches of the dungeon, and saw 34 of its levels.
You also visited: Ice Cave.

You collected 4322 gold pieces.
You spent 3331 gold pieces at shops.

Inventory:

Hand Weapons
 a - the +9 scimitar "Hell-Harrower" (weapon) {vorpal, Dex+5}
   (Okawaru gifted it to you on level 6 of the Lair of Beasts)

   It inflicts extra damage upon your enemies.
   Dex:       It affects your dexterity (+5).
 b - a +2 double sword of venom
 c - the +11 scimitar of the Crypt {vorpal, rF- rC+ Str+4 Stlth+}
   (You took it off a deep elf high priest on level 3 of the Elven Halls)

   It inflicts extra damage upon your enemies.
   Str:       It affects your strength (+4).
   rF:        It makes you vulnerable to fire.
   rC:        It protects you from cold.
   Stlth:     It makes you more stealthy.
Armour
 k - the +0 cloak of Joy (worn) {Rampage Regen+}
   (Okawaru gifted it to you on level 1 of the Elven Halls)

   Regen:     It increases your rate of health regeneration.
   Rampage:   It bestows one free step when moving towards enemies.
 p - the +1 pair of boots of Yceipiom {Regen+ Int+3}
   (Okawaru gifted it to you on level 12 of the Dungeon)

   Int:       It affects your intelligence (+3).
   Regen:     It increases your rate of health regeneration.
 q - a +2 kite shield of cold resistance (worn)
 u - the +0 hat "Fobbilu" {rF+ Regen+ Int+4 Slay-3}
   (Okawaru gifted it to you on level 2 of the Orcish Mines)

   Int:       It affects your intelligence (+4).
   Slay:      It affects your accuracy & damage with ranged weapons and melee
   (-3).
   rF:        It protects you from fire.
   Regen:     It increases your rate of health regeneration.
 w - a +1 pair of gloves (worn)
 B - a +2 hat (worn)
 Q - the +4 plate armour of Birdsong (worn) {rF+ Str+2}
   (Okawaru gifted it to you on level 2 of the Elven Halls)

   Str:       It affects your strength (+2).
   rF:        It protects you from fire.
 S - the +0 pair of boots "Zimotuv" (worn) {rC++ Slay+3 Stlth+}
   (Okawaru gifted it to you on level 4 of the Shoals)

   Slay:      It affects your accuracy & damage with ranged weapons and melee
   (+3).
   rC:        It greatly protects you from cold.
   Stlth:     It makes you more stealthy.
Jewellery
 g - an amulet of regeneration
 m - the ring of the Six Xalams (left hand) {rElec Will+ Str+2 Int-2 SInv}
   (You found it on level 15 of the Dungeon)

   [ring of see invisible]

   Str:       It affects your strength (+2).
   Int:       It affects your intelligence (-2).
   rElec:     It insulates you from electricity.
   SInv:      It lets you see invisible.
   Will:      It increases your willpower.
 s - an amulet of reflection
 v - the ring "Gyvass" {rF+++ rN++ MP-9 Dex+6 SInv}
   (You bought it in a shop on level 2 of the Orcish Mines)

   [ring of dexterity]

   Dex:       It affects your dexterity (+6).
   rF:        It renders you almost immune to fire.
   rN:        It greatly protects you from negative energy.
   MP:        It affects your magic capacity (-9).
   SInv:      It lets you see invisible.
 E - the ring of Goucac (right hand) {rElec rPois Str+3}
   (You bought it in a shop on level 2 of the Dungeon)

   [ring of poison resistance]

   Str:       It affects your strength (+3).
   rElec:     It insulates you from electricity.
   rPois:     It protects you from poison.
 F - the amulet of the Four Winds (around neck) {rN+ Will+++ Clar}
   (You took it off a deep elf high priest on level 3 of the Elven Halls)

   [amulet of nothing]

   rN:        It protects you from negative energy.
   Clar:      It protects you against confusion.
   Will:      It greatly increases your willpower.
 Z - a ring of resist corrosion
Wands
 o - a wand of digging (16)
Scrolls
 f - a scroll of immolation
 l - 12 scrolls of identify
 x - a scroll of fog
 y - 4 scrolls of fear
 C - 10 scrolls of teleportation
 G - 4 scrolls of magic mapping
 H - 8 scrolls of noise
 U - a scroll of acquirement
Potions
 e - 16 potions of curing
 n - 6 potions of heal wounds
 A - a potion of might
 N - 4 potions of berserk rage
 R - 6 potions of haste


   Skills:
 + Level 19.8 Fighting
 + Level 2.4(12.8) Short Blades
 + Level 20.7(20.8) Long Blades
 + Level 18.7 Armour
 + Level 9.1 Dodging
 + Level 5.5 Stealth
 + Level 22.2 Shields
 + Level 1.2 Unarmed Combat
 + Level 3.8 Invocations
 + Level 1.7 Evocations


You had 18 spell levels left.
You didn't know any spells.
Your spell library contained the following spells:

 Spells                   Type           Power      Damage    Failure   Level
 Shock                    Conj/Air       0%         1d3       97%         1
 Ensorcelled Hibernation  Hex/Ice        0%         N/A       99%         2
 Passwall                 Tmut/Erth      0%         N/A       99%         2
 Poisonous Vapours        Pois/Air       0%         N/A       99%         2
 Scorch                   Fire           0%         2d5       99%         2
 Static Discharge         Conj/Air       0%         N/A       99%         2
 Confusing Touch          Hex            0%         N/A       100%        3
 Conjure Flame            Conj/Fire      0%         6-21      100%        3
 Frozen Ramparts          Ice            0%         1d2       100%        3
 Ignite Poison            Fire/Tmut/Pois 0%         N/A       100%        3
 Mephitic Cloud           Conj/Pois/Air  0%         N/A       100%        3
 Portal Projectile        Hex/Tloc       0%         N/A       100%        3
 Stone Arrow              Conj/Erth      0%         3d7       100%        3
 Swiftness                Air            0%         N/A       100%        3
 Vampiric Draining        Necr           0%         2d6       100%        3
 Cause Fear               Hex            0%         N/A       100%        4
 Dispel Undead            Necr           0%         3d6       100%        4
 Flame Wave               Conj/Fire      0%         2d4       100%        4
 Fulminant Prism          Conj/Hex       0%         3d6       100%        4
 Ice Form                 Ice/Tmut       0%         N/A       100%        4
 Iskenderun's Mystic Bla  Conj/Tloc      0%         2d3       100%        4
 Passage of Golubria      Tloc           0%         N/A       100%        4
 Petrify                  Tmut/Erth      0%         N/A       100%        4
 Sticky Flame             Conj/Fire      0%         2d3       100%        4
 Blade Hands              Tmut           0%         N/A       100%        5
 Excruciating Wounds      Necr           0%         N/A       100%        5
 Freezing Cloud           Conj/Ice/Air   0%         6-21      100%        5
 Irradiate                Conj/Tmut      0%         3d13      100%        5
 Lee's Rapid Deconstruct  Erth           0%         3d5*      100%        5
 Lightning Bolt           Conj/Air       0%         1d11      100%        5
 Metabolic Englaciation   Hex/Ice        0%         N/A       100%        5
 Yara's Violent Unravell  Hex/Tmut       0%         3d3       100%        5
 Eringya's Noxious Bog    Tmut/Pois      0%         N/A       100%        6
 Statue Form              Tmut/Erth      0%         N/A       100%        6
 Dragon Form              Tmut           0%         N/A       100%        7
 Enfeeble                 Hex            0%         N/A       100%        7
 Orb of Destruction       Conj           0%         9d5       100%        7
 Storm Form               Tmut/Air       0%         N/A       100%        7
 Lehudib's Crystal Spear  Conj/Erth      0%         10d2      100%        8
 Maxwell's Capacitive Co  Air            0%         ∞         100%        8
 Polar Vortex             Ice            0%         N/A       100%        9
 Animate Skeleton         Necr           Unusable   N/A       N/A         1
 Tukima's Dance           Hex            Unusable   N/A       N/A         3
 Animate Armour           Summ/Erth      Unusable   N/A       N/A         4
 Animate Dead             Necr           Unusable   N/A       N/A         4
 Summon Ice Beast         Ice/Summ       Unusable   N/A       N/A         4
 Summon Forest            Summ/Tloc      Unusable   N/A       N/A         5
 Summon Mana Viper        Hex/Summ       Unusable   N/A       N/A         5
 Simulacrum               Ice/Necr       Unusable   N/A       N/A         6
 Summon Cactus Giant      Summ           Unusable   N/A       N/A         6
 Summon Hydra             Summ           Unusable   N/A       N/A         7
 Dragon's Call            Summ           Unusable   N/A       N/A         9

Dungeon Overview and Level Annotations

Branches:
Dungeon (15/15)            Temple (1/1) D:6            Lair (6/6) D:11
 Shoals (4/4) Lair:3       Spider (3/4) Lair:3        Slime (0/5) Lair:5
    Orc (2/2) D:11            Elf (3/3) Orc:2        Vaults (0/5) D:14
 Depths (0/4) D:15          IceCv (visited)

Altars:
Ashenzari
Cheibriados
Dithmenos
Fedhas
Gozag
Hepliaklqana
Kikubaaqudgha
Makhleb
Nemelex Xobeh
Okawaru
Qazlal
Ru
Sif Muna
Trog
Uskayaw
Vehumet
Wu Jian
Xom
Yredelemnul
Zin
The Shining One
Beogh
Jiyva

Shops:
D:2 =   D:4 =   D:12 *   Orc:2 [[(=!   Elf:1 :=:   Elf:2 [   Shoals:3 (

Annotations:
D:7 3 runed translucent doors, crawlogic's ghost, novice TrBe
D:12 Casa
Lair:5 1 runed translucent door


Innate Abilities, Weirdness & Mutations

You have a pair of horns on your head.
You reflexively headbutt those who attack you in melee.
You have a somewhat thin skeletal structure. (Dex +2, Stealth+)
You have an increased reservoir of magic. (+10% MP)
You are strong-willed. (Will+)


Message History

The wolf spider bites you but does no damage.
The entropy weaver casts a spell at you.
The entropic weave corrodes you! The wolf spider hits you!
The wolf spider bites you!
* * * LOW HITPOINT WARNING * * *
The wolf spider hits you but does no damage.
The wolf spider bites you!
* * * LOW HITPOINT WARNING * * *
The jorogumo hits you!
* * * LOW HITPOINT WARNING * * *
You feel yourself slow down. The entropy weaver hits you!
* * * LOW HITPOINT WARNING * * *
The entropy weaver hits you.
* * * LOW HITPOINT WARNING * * *
The entropy weaver hits you.
* * * LOW HITPOINT WARNING * * *
The entropy weaver hits you.
* * * LOW HITPOINT WARNING * * *
You feel yourself speed up.
The wolf spider's wounds heal themselves!
The wolf spider hits you.
* * * LOW HITPOINT WARNING * * *
The wolf spider barely misses you. The wolf spider completely misses you.
The wolf spider bites you.
* * * LOW HITPOINT WARNING * * *
You are lethally poisoned!
The wolf spider poisons you!
A wolf spider comes into view.
The entropy weaver hits you but does no damage.
The entropy weaver hits you.
* * * LOW HITPOINT WARNING * * *
The entropy weaver hits you but does no damage.
The entropy weaver hits you.
* * * LOW HITPOINT WARNING * * *
The jorogumo hits you.
* * * LOW HITPOINT WARNING * * *
You are more poisoned.
The wolf spider hits you but does no damage.
The wolf spider bites you.
You die...

^.##.##.#...#..
^#....#........#..
#B........####....
.#.s..s...$...#>#
#.#.##...#.....#
#... #s#s.#.....
#...


#ssBss.#. s#. #s#s#Bs# ^# #.#H@s#... #..s###s#.# #^.#. .# #^.#.. .. ....#.# ^#
..#.#.. ^. .# # You could see a jorogumo, 2 entropy weavers, 6 wolf spiders, an
orb spider, 2 culicivoras, a tarantella and a redback.

Vanquished Creatures
  Nikola (Shoals:4)
  4 liches (D:15)
  3 deep elf master archers (Elf:3)
  A deep elf blademaster (Elf:2)
  Kirke (Lair:5)
  A storm dragon (Shoals:4)
  The ghost of Uwkoecio the Severer, a journeyman HOFi of Okawaru (D:15)
  Roxanne (Spider:3)
  An orc warlord (Orc:2)
  3 ghost moths
  4 emperor scorpions
  7 deep elf sorcerers (Elf:3)
  6 deep elf elementalists (Elf:3)
  A reaper (IceCv)
  An ironbound preserver (D:14)
  2 broodmothers (Spider:3)
  3 deep elf demonologists
  9 deep elf annihilators
  Azrael (D:12)
  A spark wasp (Spider:1)
  7 deep elf death magi
  3 merfolk javelineers (Shoals:4)
  Fannar (D:11)
  5 merfolk impalers (Shoals:4)
  10 deep elf high priests
  A catoblepas (Lair:1)
  A jorogumo (Spider:1)
  12 hydras
  Harold (D:10)
  7 boulder beetles
  Erica (D:9)
  An ogre mage (D:15)
  A death knight (D:9)
  3 merfolk aquamancers
  4 centaur warriors
  An alligator snapping turtle (Shoals:4)
  7 two-headed ogres
  10 death yaks
  2 satyrs (Shoals:3)
  26 dancing weapons
  4 tengu warriors
  3 orc high priests
  26 deep elf knights
  3 pharaoh ants (Spider:2)
  A goliath frog (shapeshifter) (D:8)
  4 orb spiders
  4 skeletal warriors
  8 sea snakes
  Pikel (D:5)
  An orc knight (D:15)
  10 harpies
  A wizard (D:14)
  4 steelbarb worms
  10 deep elf archers
  41 deep elf pyromancers
  8 wolf spiders
  10 fauns
  A mana viper (shapeshifter) (Elf:3)
  30 deep elf zephyrmancers
  A salamander (D:15)
  7 cyclopes
  9 manticores
  2 ugly things
  5 orc sorcerers
  2 moths of wrath
  13 merfolk sirens
  3 elephants (Lair:4)
  7 black mambas
  Joseph (D:10)
  A torpor snail (shapeshifter) (D:15)
  Maurice (D:10)
  14 cane toads
  2 ice statues (IceCv)
  2 torpor snails
  A gargoyle (D:12)
  An unseen horror (D:12)
  13 water nymphs
  6 komodo dragons
  4 demonic crawlers
  Psyche (D:9)
  2 freezing wraiths
  A kobold demonologist (D:5)
  6 rime drakes
  2 entropy weaver simulacra (IceCv)
  3 tengu conjurers (D:14)
  6 ice devils (IceCv)
  3 meliai (D:14)
  5 trolls
  17 merfolk
  5 hornets (Lair:6)
  6 polar bears
  The ghost of Allula97 the Insei, an amateur DsTm (D:5)
  13 dream sheep
  9 slime creatures
  2 tarantellas
  38 blink frogs
  8 wind drakes
  5 snapping turtles
  10 air elementals
  A meliai zombie (D:10)
  3 jumping spiders
  4 culicivoras
  Sigmund (D:5)
  12 spriggans (Lair:6)
  2 wyverns
  25 water elementals
  45 yaks
  A wraith (D:12)
  A hog (Lair:5)
  3 humans (Lair:5)
  A vampire (D:11)
  13 vampire mosquitoes
  8 fire elementals
  A death yak simulacrum (IceCv)
  6 basilisks
  20 redbacks
  3 wargs
  A harpy simulacrum (IceCv)
  Duvessa (D:6)
  3 hell hounds (D:12)
  4 acid dragons
  18 water moccasins
  2 ice beasts (D:7)
  34 orc warriors
  9 ogres
  7 black bears
  4 necrophages
  47 wolves
  15 centaurs
  4 boggarts (Lair:6)
  2 lemures
  3 phantoms
  Blork the orc (D:5)
  25 bullfrogs
  A gnoll sergeant (D:5)
  2 wyvern zombies (D:7)
  6 earth elementals
  A cane toad simulacrum (IceCv)
  6 scorpions
  3 two-headed ogre simulacra (IceCv)
  Dowan (D:6)
  A water moccasin skeleton (D:6)
  20 killer bees
  4 wights (D:8)
  11 electric eels
  A bullfrog zombie (D:5)
  6 howler monkeys
  2 hounds
  2 lava snakes (D:11)
  2 bullfrog skeletons
  2 centaur zombies
  3 jellies
  2 gnoll shamans
  22 orc priests
  An iguana (D:6)
  27 orc wizards
  2 hell rats (Lair:4)
  3 spriggan simulacra (IceCv)
  2 troll simulacra (IceCv)
  2 polar bear simulacra (IceCv)
  A wolf simulacrum (IceCv)
  2 killer bee zombies
  A centaur simulacrum (D:9)
  A hound skeleton (D:5)
  A howler monkey zombie (D:7)
  21 gnolls
  7 adders
  A naga simulacrum (IceCv)
  6 river rats (Lair:4)
  A shadow imp (D:6)
  2 white imps (IceCv)
  An ufetubus (IceCv)
  An adder zombie (D:5)
  A worm (D:2)
  3 dart slugs
  86 orcs
  3 bats (D:2)
  7 endoplasms
  5 giant cockroaches
  7 goblins
  5 hobgoblins
  6 quokkas
  3 training dummies (Shoals:3)
  3 ball pythons
  6 frilled lizards
  3 kobolds
  A quokka skeleton (D:4)
  7 rats
1221 creatures vanquished.

Vanquished Creatures (others)
  2 deep elf knights (Elf:2)
  2 centaurs (D:7)
  A kobold brigand (D:7)
  A bullfrog (D:7)
  A howler monkey (D:7)
  2 orcs (D:7)
  48 fungi
  99 plants
156 creatures vanquished.

Grand Total: 1377 creatures vanquished

Notes
Turn   | Place    | Note
-------+----------+-------------------------------------------
     0 | D:1      | Peloso the Minotaur Fighter began the quest for the Orb.
     0 | D:1      | Reached XP level 1. HP: 19/19 MP: 0/0
   462 | D:1      | Reached XP level 2. HP: 23/27 MP: 1/1
  1077 | D:2      | Reached skill level 4 in Shields
  1230 | D:2      | Reached XP level 3. HP: 33/33 MP: 2/2
  1258 | D:2      | Found a faded altar of an unknown god.
  1655 | D:2      | Reached XP level 4. HP: 17/40 MP: 3/3
  1984 | D:2      | Found Bulux's Jewellery Shoppe.
  3107 | D:4      | Reached skill level 5 in Armour
  3107 | D:4      | Reached XP level 5. HP: 41/46 MP: 4/4
  3267 | D:4      | Reached skill level 1 in Dodging
  3665 | D:4      | Found Jateni's Jewellery Emporium.
  3980 | D:4      | Noticed an ogre
  3986 | D:4      | Killed an ogre
  3987 | D:4      | Reached XP level 6. HP: 53/53 MP: 5/5
  4015 | D:4      | Reached skill level 5 in Shields
  4163 | D:5      | Entered Level 5 of the Dungeon
  4180 | D:5      | Noticed Allula97's ghost (amateur DsTm)
  4181 | D:5      | Found a transporter.
  4188 | D:5      | Reached skill level 5 in Long Blades
  4218 | D:5      | Found a transporter.
  4315 | D:5      | Reached XP level 7. HP: 60/60 MP: 6/6
  4373 | D:5      | Reached skill level 5 in Fighting
  4607 | D:5      | HP: 2/61 [gnoll/+0 halberd (6)]
  5433 | D:6      | Noticed Blork the orc
  5437 | D:5      | Killed Blork the orc
  5455 | D:5      | Reached XP level 8. HP: 55/69 MP: 7/7
  5524 | D:6      | Noticed a kobold demonologist
  5537 | D:6      | Noticed a sixfirhy
  5548 | D:5      | Noticed an orange demon
  5556 | D:5      | Killed a kobold demonologist
  5709 | D:6      | Noticed Pikel
  5710 | D:6      | Noticed Sigmund
  5814 | D:5      | Killed Sigmund
  5815 | D:5      | Reached skill level 6 in Shields
  5855 | D:5      | Killed Pikel
  5856 | D:5      | Reached XP level 9. HP: 52/75 MP: 8/8
  5958 | D:6      | Noticed a troll
  6092 | D:6      | Found a staircase to the Ecumenical Temple.
  6361 | D:6      | Noticed Dowan
  6363 | D:6      | Noticed Duvessa
  6388 | D:6      | Killed Duvessa
  6400 | D:6      | Killed Dowan
  6505 | Temple   | Entered the Ecumenical Temple
  6639 | Temple   | Became a worshipper of Warmaster Okawaru
  6912 | D:7      | Reached skill level 7 in Shields
  6918 | D:7      | Found a shimmering altar of Xom.
  6939 | D:7      | Reached skill level 1 in Stealth
  7099 | D:7      | Reached * piety under Okawaru
  7198 | D:7      | Noticed crawlogic's ghost (novice TrBe)
  7225 | D:7      | Found a runed translucent gate.
  7225 | D:7      | Found a runed translucent gate.
  7226 | D:7      | Found a runed translucent gate.
  7267 | D:7      | Reached skill level 5 in Dodging
  7358 | D:7      | Reached skill level 10 in Long Blades
  8046 | D:8      | Reached XP level 10. HP: 84/84 MP: 9/9
  8711 | D:8      | Noticed a moth of wrath
  9123 | D:9      | Noticed a cyclops
  9141 | D:9      | Killed a cyclops
  9172 | D:9      | Noticed a two-headed ogre
  9172 | D:9      | Noticed a two-headed ogre
  9427 | D:2      | Bought the ring of Goucac {rElec rPois Str+3} for 403 gold
                  | pieces
  9632 | D:7      | Killed a two-headed ogre
  9632 | D:7      | Reached ** piety under Okawaru
  9633 | D:7      | Reached skill level 10 in Armour
  9645 | D:8      | Reached skill level 8 in Shields
  9670 | D:9      | Killed a two-headed ogre
  9671 | D:9      | Reached skill level 1 in Invocations
  9734 | D:9      | Noticed a deep elf pyromancer
  9742 | D:9      | Killed a deep elf pyromancer
  9742 | D:9      | Reached *** piety under Okawaru
  9875 | D:9      | Noticed Psyche
  9958 | D:9      | Killed Psyche
 10074 | D:9      | Noticed Erica
 10184 | D:9      | Killed Erica
 10563 | D:9      | Noticed a skeletal warrior
 10575 | D:9      | Killed a skeletal warrior
 10576 | D:9      | Reached XP level 11. HP: 77/97 MP: 9/11
 10584 | D:9      | Identified the +1 scale mail of Tuirot {*Corrode Str+6}
 10585 | D:9      | Noticed a death knight
 10585 | D:9      | Noticed a boulder beetle
 10598 | D:9      | Killed a death knight
 10603 | D:9      | Killed a boulder beetle
 10603 | D:9      | Reached **** piety under Okawaru
 10604 | D:9      | Reached skill level 1 in Unarmed Combat
 10728 | D:10     | Entered Level 10 of the Dungeon
 10756 | D:10     | Noticed Joseph
 10795 | D:10     | Killed Joseph
 10847 | D:10     | Noticed Maurice
 10855 | D:10     | Killed Maurice
 11132 | D:10     | Noticed Harold
 11154 | D:10     | Killed Harold
 11155 | D:10     | Reached skill level 1 in Evocations
 11759 | D:11     | Reached skill level 9 in Shields
 11762 | D:11     | Reached ***** piety under Okawaru
 11872 | D:11     | Found a staircase to the Orcish Mines.
 12003 | D:11     | Reached skill level 10 in Fighting
 12069 | D:11     | Noticed Fannar
 12093 | D:11     | Killed Fannar
 12093 | D:11     | Identified the +5 chain mail of the Gravedigger {Int+4}
                  | (Okawaru gifted it to you on level 11 of the Dungeon)
 12093 | D:11     | Received a gift from Okawaru
 12228 | D:11     | Reached XP level 12. HP: 101/107 MP: 12/12
 12501 | D:11     | Found a staircase to the Lair.
 12870 | D:5      | Killed Allula97's ghost
 12943 | D:6      | Noticed a two-headed ogre
 12949 | D:6      | Killed a two-headed ogre
 13491 | Lair:1   | Entered Level 1 of the Lair of Beasts
 13597 | Lair:1   | Reached skill level 10 in Shields
 13609 | Lair:1   | Noticed an eight-headed hydra
 13618 | Lair:1   | Killed a five-headed hydra
 13664 | Lair:1   | Found a sacrificial altar of Ru.
 13712 | Lair:1   | Identified the +10 rapier "Goudogao" {freeze, rF+ rN+}
 14295 | Lair:1   | Noticed a catoblepas
 14321 | Lair:1   | Killed a catoblepas
 14322 | Lair:1   | Reached skill level 15 in Long Blades
 14752 | Lair:2   | Identified the +6 great sword of the Ghost {holy, *Slow rF+
                  | rN+} (Okawaru gifted it to you on level 2 of the Lair of
                  | Beasts)
 14752 | Lair:2   | Received a gift from Okawaru
 14814 | Lair:2   | Reached XP level 13. HP: 117/117 MP: 13/13
 15385 | Lair:3   | Reached skill level 11 in Shields
 15540 | Lair:3   | Found a staircase to the Shoals.
 15899 | Lair:3   | Reached ****** piety under Okawaru
 15981 | Lair:3   | Found a hole to the Spider Nest.
 16121 | Lair:3   | Identified the +10 glaive of War {venom, Will+}
 16396 | Lair:3   | Identified the +7 great sword "Ofunill" {antimagic, rElec
                  | rPois Dex+3} (Okawaru gifted it to you on level 3 of the
                  | Lair of Beasts)
 16396 | Lair:3   | Received a gift from Okawaru
 17122 | D:12     | Found Ceyngeh's Assorted Antiques.
 17239 | D:12     | Noticed Azrael
 17254 | D:12     | Killed Azrael
 17271 | D:12     | Identified the +1 pair of boots of Yceipiom {Regen+ Int+3}
                  | (Okawaru gifted it to you on level 12 of the Dungeon)
 17271 | D:12     | Received a gift from Okawaru
 17272 | D:12     | Reached skill level 1 in Short Blades
 17584 | D:12     | Reached skill level 12 in Shields
 17746 | D:12     | Identified a scroll of acquirement
 17838 | D:13     | Found a frozen archway.
 17852 | IceCv    | Entered an ice cave
 17926 | IceCv    | Reached XP level 14. HP: 106/129 MP: 15/15
 18234 | IceCv    | Noticed a reaper
 18252 | IceCv    | HP: 3/130 [reaper/+1 scythe of freezing (33)]
 18261 | IceCv    | Killed a reaper
 18795 | D:13     | Reached skill level 15 in Armour
 19015 | Orc:1    | Entered Level 1 of the Orcish Mines
 19200 | Orc:2    | Entered Level 2 of the Orcish Mines
 19519 | Orc:2    | Paralysed by an orc sorcerer for 5 turns
 19525 | Orc:2    | Identified the +0 hat "Fobbilu" {rF+ Regen+ Int+4 Slay-3}
                  | (Okawaru gifted it to you on level 2 of the Orcish Mines)
 19525 | Orc:2    | Received a gift from Okawaru
 19545 | Orc:2    | Found Suoshithi's Distillery.
 19647 | Orc:2    | Found Avvotulu's Jewellery Shoppe.
 19667 | Orc:2    | Bought the ring "Gyvass" {rF+++ rN++ MP-9 Dex+6 SInv} for
                  | 1059 gold pieces
 19695 | Orc:2    | Found a staircase to the Elven Halls.
 19786 | Orc:2    | Noticed an orc warlord
 19826 | Orc:2    | Killed an orc warlord
 19856 | Orc:2    | Gained mutation: You are occasionally teleported next to
                  | monsters. [a neqoxec]
 19858 | Orc:2    | Gained mutation: You are clumsy. (Dex -2) [a neqoxec]
 20026 | Orc:2    | Found Ajeili's Antique Weapon Boutique.
 20028 | Orc:2    | Found Lefyaff's Antique Armour Shop.
 20102 | Orc:2    | Reached skill level 13 in Shields
 20105 | Orc:2    | Found Xoheu's Antique Armour Boutique.
 20760 | Orc:2    | Bought a runed kite shield for 292 gold pieces
 20863 | D:12     | Lost mutation: You are clumsy. (Dex -2) [potion of
                  | mutation]
 20863 | D:12     | Lost mutation: You are occasionally teleported next to
                  | monsters. [potion of mutation]
 20863 | D:12     | Gained mutation: You do not regenerate when monsters are
                  | visible. [potion of mutation]
 20863 | D:12     | Gained mutation: You have a somewhat thin skeletal
                  | structure. (Dex +2, Stealth+) [potion of mutation]
 20863 | D:12     | Gained mutation: You are robust. (+10% HP) [potion of
                  | mutation]
 20863 | D:12     | Gained mutation: You have a pair of large horns on your
                  | head. [potion of mutation]
 20866 | D:12     | Lost mutation: You are robust. (+10% HP) [potion of
                  | mutation]
 20866 | D:12     | Lost mutation: You do not regenerate when monsters are
                  | visible. [potion of mutation]
 20866 | D:12     | Lost mutation: You have a pair of large horns on your head.
                  | [potion of mutation]
 20866 | D:12     | Gained mutation: You are strong-willed. (Will+) [potion of
                  | mutation]
 20866 | D:12     | Gained mutation: You have an increased reservoir of magic.
                  | (+10% MP) [potion of mutation]
 21271 | D:14     | Found a gate to the Vaults.
 21271 | D:14     | Noticed an ironbound preserver
 21288 | D:14     | Killed an ironbound preserver
 21323 | D:14     | Found a broken altar of Ashenzari.
 21421 | D:14     | Identified the +2 plate armour "Zeisk" {Fly Int+4} (Okawaru
                  | gifted it to you on level 14 of the Dungeon)
 21421 | D:14     | Received a gift from Okawaru
 21453 | D:14     | Reached skill level 14 in Shields
 21573 | D:14     | Reached XP level 15. HP: 139/139 MP: 9/18
 22258 | Lair:4   | Reached skill level 15 in Fighting
 22660 | Lair:4   | Identified the +7 arbalest "Demonbane" {flame, Stlth+}
 23058 | Lair:5   | Found a runed translucent door.
 23058 | Lair:5   | Found a viscous altar of Jiyva.
 23085 | Lair:5   | Found a staircase to the Slime Pits.
 23093 | Lair:5   | Noticed Kirke
 23220 | Lair:5   | Killed Kirke
 23408 | Lair:5   | Reached skill level 15 in Shields
 23975 | Lair:6   | Entered Level 6 of the Lair of Beasts
 24598 | Lair:6   | Reached skill level 16 in Shields
 24706 | Lair:6   | Identified the +9 scimitar "Hell-Harrower" {vorpal, Dex+5}
                  | (Okawaru gifted it to you on level 6 of the Lair of Beasts)
 24706 | Lair:6   | Received a gift from Okawaru
 25442 | D:15     | Entered Level 15 of the Dungeon
 25702 | D:15     | Identified the +1 helmet of Cowardice {SInv}
 25760 | D:15     | Reached XP level 16. HP: 151/151 MP: 10/19
 25817 | D:15     | Found a runed translucent gate.
 25817 | D:15     | Found a runed translucent gate.
 25817 | D:15     | Found a runed translucent gate.
 25819 | D:15     | Found an ancient bone altar of Kikubaaqudgha.
 25819 | D:15     | Noticed a lich
 25819 | D:15     | Noticed a lich
 25819 | D:15     | Noticed a lich
 25819 | D:15     | Noticed a lich
 25820 | D:15     | Noticed Uwkoecio's ghost (journeyman HOFi)
 26008 | D:15     | Found a staircase to the Depths.
 26430 | D:15     | Killed a lich
 26436 | D:15     | Killed a lich
 26436 | D:15     | Received a gift from Okawaru
 26438 | D:15     | Killed a lich
 26442 | D:15     | Killed a lich
 26454 | D:15     | Killed Uwkoecio's ghost
 26459 | D:15     | Identified the +0 hat "Veiguvua" {rC+ rN+ Will-}
 26474 | D:15     | Identified the ring of the Six Xalams {rElec Will+ Str+2
                  | Int-2 SInv}
 26483 | D:15     | Got the Catalogue of Earthen Darkness
 26794 | Spider:1 | Entered Level 1 of the Spider Nest
 26832 | Spider:1 | Identified the +3 scale mail "Vippauq" {Regen+ Str+7 Dex-3}
                  | (Okawaru gifted it to you on level 1 of the Spider Nest)
 26832 | Spider:1 | Received a gift from Okawaru
 26833 | Spider:1 | Reached skill level 17 in Shields
 28347 | Shoals:1 | Entered Level 1 of the Shoals
 28513 | Shoals:1 | Reached skill level 18 in Shields
 28526 | Shoals:1 | Received a gift from Okawaru
 29618 | Shoals:1 | Identified the +1 war axe of Gozag's Scorn {antimagic,
                  | Int+4}
 30412 | Shoals:3 | Found Ebbidd's Firing Range.
 30516 | Shoals:3 | Identified the +0 pair of boots of Ylulaef {rElec rPois
                  | rN++ Dex-5}
 30904 | Shoals:3 | Reached XP level 17. HP: 119/162 MP: 20/20
 31233 | Shoals:4 | Entered Level 4 of the Shoals
 31281 | Shoals:4 | Noticed Nikola
 31453 | Shoals:4 | Killed Nikola
 31463 | Shoals:4 | Paralysed by an air elemental for 1 turns
 31577 | Shoals:4 | Found a stormy altar of Qazlal.
 31856 | Shoals:4 | Reached skill level 19 in Shields
 31861 | Shoals:4 | Identified the +0 pair of boots "Zimotuv" {rC++ Slay+3
                  | Stlth+} (Okawaru gifted it to you on level 4 of the Shoals)
 31861 | Shoals:4 | Received a gift from Okawaru
 31975 | Shoals:4 | Got a barnacled rune of Zot
 31996 | Shoals:4 | Got the Reference Book on Flight and Evil Secrets
 32000 | Shoals:4 | Got the Disquisition on Flight and Beguiling
 32434 | Shoals:4 | Paralysed by an air elemental for 1 turns
 32465 | Shoals:4 | Paralysed by an air elemental for 1 turns
 32469 | Shoals:4 | Paralysed by an air elemental for 1 turns
 32471 | Shoals:4 | Paralysed by an air elemental for 1 turns
 32476 | Shoals:4 | Paralysed by an air elemental for 1 turns
 33059 | Shoals:4 | Paralysed by an air elemental for 1 turns
 33155 | Shoals:4 | Found an iron altar of Okawaru.
 33167 | Shoals:4 | Paralysed by an air elemental for 1 turns
 33195 | Shoals:4 | Paralysed by an air elemental for 1 turns
 33514 | Orc:2    | Bought shiny shadow dragon scales for 1577 gold pieces
 33860 | Elf:1    | Entered Level 1 of the Elven Halls
 34178 | Elf:1    | Found Boqi's Book Shoppe.
 34179 | Elf:1    | Found Yzxa's Jewellery Boutique.
 34181 | Elf:1    | Found Wiagoiz's Book Shoppe.
 34381 | Elf:1    | Reached skill level 20 in Shields
 34730 | Elf:1    | Identified the +4 war axe of the Elven Halls {holy, +Blink
                  | Str+3 Dex-4}
 34734 | Elf:1    | Identified the +0 cloak of Joy {Rampage Regen+} (Okawaru
                  | gifted it to you on level 1 of the Elven Halls)
 34734 | Elf:1    | Received a gift from Okawaru
 35240 | Elf:2    | Reached XP level 18. HP: 119/173 MP: 21/21
 35391 | Elf:2    | Found a radiant altar of Vehumet.
 35585 | Elf:2    | Found a runed translucent gate.
 35586 | Elf:2    | Found a runed translucent gate.
 35586 | Elf:2    | Found a runed translucent gate.
 35649 | Elf:2    | Found Eghip's Armour Shoppe.
 35736 | Elf:2    | Paralysed by an air elemental for 1 turns
 35992 | Elf:3    | Entered Level 3 of the Elven Halls
 36308 | Elf:3    | Identified the +0 pair of boots of the Volcano {rN+ Str-2
                  | Dex+4} (Okawaru gifted it to you on level 3 of the Elven
                  | Halls)
 36308 | Elf:3    | Received a gift from Okawaru
 36754 | Elf:3    | Reached skill level 21 in Shields
 36940 | Elf:2    | Reached skill level 5 in Stealth
 37325 | Elf:3    | Received a gift from Okawaru
 37598 | Elf:3    | Identified the +11 scimitar of the Crypt {vorpal, rF- rC+
                  | Str+4 Stlth+}
 37616 | Elf:3    | Reached XP level 19. HP: 59/177 MP: 23/23
 37835 | Elf:3    | Found the +18 shield of the Gong {rElec rN+ Will+ EV-5}
 37836 | Elf:3    | Identified the +4 trident "Nutoaq" {spect, rPois rCorr}
 37861 | Elf:3    | Got Sif Muna's Handbook of Evil Stones
 37939 | Elf:3    | Identified the ring of Givixul {Wiz rF+}
 37992 | Elf:3    | Got the Incunabulum of Heresy
 38280 | Elf:2    | Reached skill level 22 in Shields
 38510 | Elf:2    | Identified the +4 plate armour of Birdsong {rF+ Str+2}
                  | (Okawaru gifted it to you on level 2 of the Elven Halls)
 38510 | Elf:2    | Received a gift from Okawaru
 39112 | Spider:3 | Noticed Roxanne
 39125 | Spider:3 | Killed Roxanne
 39169 | Spider:3 | Paralysed by a jorogumo for 3 turns
 39171 | Spider:3 | HP: 4/184 [entropy weaver (6)]
 39171 | Spider:3 | HP: 1/184 [jorogumo (2)]
 39171 | Spider:3 | Slain by a wolf spider

Illustrated notes

Levels and vault maps discovered:
D:1:      dpeg_arrival_oval, layout_basic
D:2:      layout_basic, serial_rivers, chequers_serial_rivers_room_b,
          chequers_serial_rivers_large_a, chequers_serial_rivers_room_b,
          chequers_serial_rivers_micro_b, shapermc_ecumenical_altar_pompeii,
          serial_shops, nicolae_shop_stone
D:3:      layout_basic, st_stairs_14, minivault_27
D:4:      layout_loops_ring, nicolae_stop_n_shop_1
D:5:      layout_basic, gammafunk_ghost_mausoleum, minmay_curled_crystal,
          minmay_misc_feat_columns
D:6:      layout_cave_pools, minmay_temple_entry_nine_rooms,
          chequers_serial_rivers_micro_e, minivault_26, kb_rosetta, uniq_pikel,
          uniq_blork_the_orc, uniq_sigmund, uniq_duvessa
D:7:      layout_basic, xom_confusion_cloud, gammafunk_ghost_split,
          grunt_ministairs_14
D:8:      layout_gridville, serial_rivers, chequers_serial_rivers_micro_d,
          chequers_serial_rivers_micro_b, chequers_serial_rivers_small_3,
          chequers_serial_rivers_small_b, lightli_corner_chamber
D:9:      minmay_the_grid_octo_2x2 [minmay_the_grid_octo_concentric,
          minmay_the_grid_octo_77, minmay_the_grid_octo_checkered,
          minmay_the_grid_octo_prize_single_spiral], layout_loops_corners,
          uniq_erica, uniq_psyche
D:10:     layout_basic, eino_jars, uniq_joseph, uniq_harold, uniq_maurice
D:11:     layout_rooms, grunt_lair_entry_orc_guard_hut, erik_orc_3,
          serial_corexii_hall, chequers_hall_statues_wall_a,
          corexii_hall_statues_i, chequers_hall_statues_wall_a,
          chequers_hall_statues_corner_a, nicolae_lava_and_water, uniq_fannar
D:12:     layout_long_grid, serial_shops, nicolae_square_shop, uniq_azrael
D:13:     layout_big_octagon, portal_ice_cave_rime
D:14:     layout_roguey, skrybe_vaults_entry_preservation,
          ashenzari_conservatory_becter, hangedman_decor_peaks_small
D:15:     hangedman_depths_entry_try_elsewhere_first, layout_cave_pods,
          serial_park_square2, gammafunk_ghost_crypt
Temple:   minmay_crystal_snake_temple
Lair:1:   beast_lair_carwin_large_2, layout_small_grid, basic_altar,
          chequers_serial_rivers_small_a
Lair:2:   layout_loops_ring, cheibrodos_lair_caveside_slide
Lair:3:   layout_hall_layers, elwin_shoals_entry_rooms, spider_nest_entry_webs,
          grunt_megastairs_2, lemuel_fruit_fields
Lair:4:   layout_layer_cave, kennysheep_rathole, lemuel_fruit_fields
Lair:5:   layout_small_grid, slime_altar_2, uniq_kirke
Lair:6:   minmay_lair_end_enchanted_forest, layout_cave_pods,
          cheibrodos_lair_lostbears, lemuel_fruit_tree
Shoals:1: layout_shoals
Shoals:2: layout_shoals
Shoals:3: layout_shoals, nicolae_shop_firing_range
Shoals:4: shoals_end_hellmonk_storm_palace [storm_palace_center_circular,
          storm_palace_corner_blocked, storm_palace_corner_altar,
          storm_palace_corner_altar, storm_palace_corner_narrow], uniq_nikola
Spider:1: layout_spider_delve
Spider:2: layout_spider_delve, nicolae_spider_cling_halls
Spider:3: cheibrodos_spider_silkery, uniq_arachne, uniq_roxanne
Orc:1:    layout_caves
Orc:2:    grunt_orc_community_town_hall, layout_caves,
          grunt_orc_community_big_house_2, grunt_orc_community_big_house_1,
          grunt_orc_community_house_2, grunt_orc_community_house_2,
          grunt_orc_community_house_2, grunt_orc_community_house_1,
          serial_shops, nicolae_shop_behind_doors
Elf:1:    eino_elf_arrival_the_gate, layout_loops_ring, hangedman_elf_represent,
          minmay_shop_grove
Elf:2:    nicolae_elf_blades_crystal_corner, layout_geoelf_grid, basic_altar,
          serial_shops, shop
Elf:3:    minmay_elf_hall_hex, layout_geoelf_diagonals, serial_sigils,
          serial_sigils_hangedman_confine, serial_sigils_hangedman_scratch,
          serial_sigils_hangedman_leer, serial_sigils_hangedman_gnaw

Skill      XL: |  1  2  3  4  5  6  7  8  9 10 11 12 13 14 15 16 17 18 19 |
---------------+----------------------------------------------------------+-----
Armour         | 4 5 6 8 9 10 11 13 14 16 17 18 | 18.7
Shields        | 4 5 6 7 8 9 10 12 14 16 18 20 21 22 | 22.2
Fighting       | 4 5 6 9 10 11 13 14 16 17 18 19 | 19.8
Long Blades    | 3 4 5 6 8 10 12 13 15 16 17 18 19 20 | 20.7
Dodging        | 1 3 4 5 6 7 8 9 |  9.1
Stealth        | 1 2 5 |  5.5
Invocations    | 1 2 3 |  3.8
Unarmed Combat | 1 |  1.2
Evocations     | 1 |  1.7
Short Blades   | 2 |  2.4

Action                   |  1- 3 |  4- 6 |  7- 9 | 10-12 | 13-15 | 16-18 | 19-21 || total
-------------------------+-------+-------+-------+-------+-------+-------+-------++-------
Melee: Long sword        |    64 |   141 |   330 |   146 |       |       |       ||   681
       Headbutt          |    10 |    19 |    73 |   151 |   406 |   323 |    40 ||  1022
       Scimitar          |       |       |       |   498 |  1635 |  1254 |   133 ||  3520
       Unarmed           |       |       |       |    12 |     9 |       |       ||    21
       Rapier            |       |       |       |       |    32 |       |       ||    32
Invok: Heroism           |       |       |     3 |    17 |    15 |    11 |       ||    46
Evoke: Wand              |       |     3 |       |    10 |       |     2 |     3 ||    18
  Use: Scroll            |     2 |     3 |     3 |     4 |     7 |    15 |       ||    34
       Potion            |       |     1 |       |     5 |     5 |     1 |     2 ||    14
 Stab: Sleeping          |       |       |       |       |       |    16 |     5 ||    21
       Held in net/web   |       |       |       |       |       |     1 |       ||     1
       Distracted        |       |       |       |       |       |     2 |     1 ||     3
Armor: Scale mail        |    18 |    53 |   175 |     4 |       |       |       ||   250
       Plate armour      |       |       |       |   162 |   243 |   293 |    57 ||   755
       Chain mail        |       |       |       |   140 |   282 |       |       ||   422
       Crystal plate arm |       |       |       |       |   354 |       |       ||   354
       Shadow dragon sca |       |       |       |       |       |   106 |    20 ||   126
Dodge: Dodged            |    28 |    49 |   203 |   238 |   663 |   417 |    55 ||  1653
Block: Buckler           |    16 |    54 |   152 |   217 |   221 |       |       ||   660
       Kite shield       |       |       |       |       |  1006 |  1273 |   120 ||  2399
       Reflection        |       |       |       |       |       |    75 |       ||    75
